 Dungeon Crawl Stone Soup version 0.20.0-10-g0535bb4 (console) character file.

141518 jeanjacques the Severer (level 17, 0/160 HPs)
             Began as a Ghoul Berserker on June 6, 2017.
             Was a High Priest of Trog.
             Slain by an anaconda (13 damage)
             ... on level 4 of the Snake Pit.
             The game lasted 01:20:38 (17161 turns).

jeanjacques the Severer (Ghoul Berserker)          Turns: 17161, Time: 01:20:40

Health: 0/160      AC: 19    Str: 25    XL:     17   Next: 33%
Magic:  5/5        EV: 15    Int:  3    God:    Trog [*****.]
Gold:   286        SH:  0    Dex: 13    Spells: 16/16 levels left

rFire    + . .     SeeInvis +   a - +9 executioner's axe (antimagic)
rCold    + + .     Gourm    .   (shield currently unavailable)
rNeg     + + +     Faith    .   w - quicksilver dragon scales
rPois    ∞         Spirit   .   Z - +2 hat {SInv}
rElec    .         Reflect  .   x - scarf {rC+ rF+}
rCorr    .         Harm     .   r - +1 pair of gloves {Str+3}
MR       ++++.                  D - +2 pair of boots
Stlth    ++++......             L - amulet "Nomexzom" {Regen+ Stlth+}
Regen    1.0/turn               S - +4 ring of slaying
MPRegen  0.1/turn               I - +3 ring of evasion

@: regenerating, rotting, constricted
A: rotting body, claws 1, carnivore 3, cold resistance 1, negative energy
resistance 3, inhibited regeneration, torment resistance, unbreathing
a: Trog's Hand, Brothers in Arms, Burn Spellbooks, Renounce Religion


You were on level 4 of the Snake Pit.
You worshipped Trog.
Trog was extremely pleased with you.
You were not hungry.

You visited 5 branches of the dungeon, and saw 31 of its levels.
You also visited: Labyrinth.

You collected 2181 gold pieces.
You spent 1895 gold pieces at shops.

Inventory:

Hand Weapons
 a - a +9 antimagic executioner's axe (weapon)
 b - the +3 battleaxe "Qassauh" {elec, Str+8}
   (You bought it in a shop on level 7 of the Dungeon)

   Occasionally, upon striking a foe, it will discharge some electrical energy
   and cause terrible harm.
   It affects your strength (+8).
Missiles
 N - 2 throwing nets (quivered)
Armour
 r - a +1 pair of gloves of strength (worn)
 w - quicksilver dragon scales (worn)
 x - a scarf of resistance (worn)
 D - a +2 pair of boots (worn)
 T - a +2 plate armour of fire resistance
 Z - a +2 hat of see invisible (worn)
Jewellery
 l - an uncursed ring of fire
 I - a +3 ring of evasion (right hand)
 L - the amulet "Nomexzom" (around neck) {Regen+ Stlth+}
   (You took it off a minotaur in a labyrinth)

   [amulet of regeneration]

   It increases your rate of regeneration.
   It makes you more stealthy.
 S - a +4 ring of slaying (left hand)
Wands
 v - a wand of scattershot (2/9)
 C - a wand of clouds (7/9)
 Q - a wand of digging (13/24)
Scrolls
 d - 5 scrolls of immolation {!r}
 e - 11 scrolls of teleportation
 j - 4 scrolls of fog
 m - 6 scrolls of recharging
 n - 2 scrolls of vulnerability {unknown}
 s - a scroll of enchant weapon
 y - 2 scrolls of holy word {!r}
 z - 8 scrolls of remove curse
 B - 2 scrolls of random uselessness {unknown}
 G - a scroll of torment {unknown}
 J - a scroll of brand weapon {unknown}
 M - a scroll of silence {unknown}
 V - 2 scrolls of blinking
 X - a scroll of summoning {unknown}
Potions
 g - 3 potions of magic
 i - 4 potions of brilliance
 o - 3 potions of resistance
 q - 3 potions of curing
 t - a potion of flight
 u - 2 potions of agility
 A - a potion of haste
 F - a potion of berserk rage {unknown}
 O - 3 potions of cancellation
 P - a potion of invisibility
 R - 2 potions of might
Miscellaneous
 k - a phantom mirror
 U - a phial of floods (inert)
Comestibles
 c - 11 meat rations
 f - 13 royal jellies
 h - 12 chunks of flesh {@w1}


   Skills:
 + Level 16.6 Fighting
 * Level 20.1 Axes
 - Level 7.4 Armour
 + Level 7.2 Dodging
 - Level 6.5 Stealth
 - Level 2.0 Evocations


You had 16 spell levels left.
You didn't know any spells.

Dungeon Overview and Level Annotations

Branches:
Dungeon (15/15)            Temple (0/1) D:6            Lair (6/6) D:10
  Swamp (4/4) Lair:4        Snake (4/4) Lair:4          Orc (2/2) D:11
    Elf (0/3) Orc:2        Vaults (0/5) D:13
  Slime: Lair:5-6    Depths: D:15

Altars:
Gozag
Kikubaaqudgha
Nemelex Xobeh
Okawaru
Qazlal
Ru

Shops:
D:4 =   D:5 %   D:7 (!?   D:8 [%(   D:11 :   Orc:2 !=:%   Snake:1 }   Snake:2 (

Annotations:
D:4 Dowan
D:10 exclusion: upstairs
D:11 Sonja
Lair:2 Urug
Swamp:4 Lernaean hydra


Innate Abilities, Weirdness & Mutations

Your body is rotting away.
You thrive on raw meat.
You are immune to poison.
You have sharp fingernails.
You are carnivorous and can eat meat at any time.
Your flesh is cold resistant. (rC+)
You are immune to negative energy. (rN+++)
You do not regenerate when monsters are visible.
You are immune to unholy pain and torment.
You can survive without breathing.


Message History

The naga warrior hits you but does no damage.
The anaconda closely misses you. The anaconda constricts you.
You feel better.
The anaconda bites you but does no damage.
* * * LOW HITPOINT WARNING * * *
The anaconda constricts you.
Your cyclops hits the naga warrior. The naga warrior spits poison at you.
The splash of poison hits you! You resist. The anaconda bites you.
* * * LOW HITPOINT WARNING * * *
The anaconda constricts you.
Here: an anaconda (severely wounded, constricting you)
The floor, spattered with blood.
Unknown command.
You feel better.
The anaconda bites you but does no damage.
* * * LOW HITPOINT WARNING * * *
The anaconda constricts you.
Your cyclops hits the naga warrior!!!
The naga warrior hits you with a long sword.
* * * LOW HITPOINT WARNING * * *
The anaconda bites you but does no damage.
* * * LOW HITPOINT WARNING * * *
The anaconda constricts you.
You feel better. The anaconda bites you!
* * * LOW HITPOINT WARNING * * *
The anaconda constricts you.
Your cyclops hits the naga warrior!!!
The naga warrior dies!
Trog accepts your kill.
Unknown command.
Here: an anaconda (severely wounded, constricting you)
The floor, spattered with blood.
Unknown command.
You escape the anaconda's grasp.
The anaconda grabs you.
The anaconda bites you but does no damage.
* * * LOW HITPOINT WARNING * * *
The anaconda constricts you.
You feel better.
The anaconda bites you but does no damage.
* * * LOW HITPOINT WARNING * * *
The anaconda constricts you. The anaconda misses you. The anaconda bites you!
You die...

##..S..?.##.........[..#
##....... ..####.####### ##(....#
#.# ## #....## #.# .#
#.....######## #.# ### .#
##....N..N)..### #.# #.. .#
####..SNSN.)...###.# #.# .#####
#..#########)[..#..#####.. .....#
#..##....nSC)...#.###....#
####.###..#....S%).)..##.##..##..
#.....##....)########.##.#...#
####..................#.....##
#.....%############..#...#
#######.[.##)## ####.........##
...#.......#..####.......####.#
..............(......####.....#
.........).###..##[###....#####


You could see 2 anacondas and a friendly cyclops (berserk).

Vanquished Creatures
  3 nagarajas (Snake:4)
  Louise (D:13)
  Aizul (Snake:2)
  Snorg (D:12)
  A minotaur (Lab)
  Harold (Lair:1)
  Erolcha (D:9)
  A vault guard (D:13)
  2 ogre magi (Orc:2)
  8 hydras
  3 centaur warriors
  A catoblepas (Lair:3)
  13 anacondas
  A naga warrior (Snake:1)
  2 ghost crabs
  6 alligators
  13 two-headed ogres
  A tengu warrior (D:15)
  2 naga sharpshooters
  4 shock serpents
  An orc high priest (Orc:1)
  Nergalle (Lair:4)
  2 deep elf knights (D:13)
  5 skeletal warriors (D:13)
  2 deep trolls
  10 swamp dragons
  A spriggan druid (Swamp:4)
  A wizard (D:13)
  2 shambling mangroves (Swamp:4)
  An orc knight (Orc:1)
  A lindwurm (Lair:3)
  Pikel (D:7)
  The ghost of DogShitOnMyToe the Cleaver, a novice HOSu of Makhleb (D:10)
  7 naga ritualists
  A deep elf mage (D:15)
  10 mana vipers
  9 ugly things
  6 manticores
  An orc sorcerer (Orc:1)
  4 cyclopes
  3 salamanders
  8 guardian serpents (Snake:4)
  21 black mambas
  4 centaur zombies
  7 naga magi
  8 spiny frogs
  A kobold demonologist (D:12)
  2 rime drakes (Lair:3)
  6 komodo dragons
  11 trolls
  4 tyrant leeches
  10 hornets
  2 bog bodies (Swamp:4)
  A minotaur skeleton (Lab)
  9 blink frogs
  3 slime creatures (Swamp:3)
  6 hippogriffs
  4 shadows
  5 spriggans
  31 yaks
  2 wraiths
  A human (D:11)
  A yak (shapeshifter) (D:13)
  A wyvern (D:11)
  Eustachio (D:6)
  20 vampire mosquitoes
  2 basilisks
  3 hogs (D:11)
  2 steam dragons
  A hungry ghost (D:6)
  2 wargs (Orc:2)
  6 swamp worms
  Edmund (D:6)
  2 acid dragons (D:12)
  8 insubstantial wisps
  A soldier ant (D:11)
  12 nagas
  12 water moccasins
  Duvessa (D:4)
  A soldier ant (shapeshifter) (D:15)
  2 slaves (D:7)
  19 orc warriors
  5 ice beasts
  3 porcupines
  3 sky beasts
  9 swamp drakes
  3 necrophages
  15 ogres
  2 phantoms
  An eye of draining (D:13)
  4 wolves (Lair:6)
  11 centaurs
  A big kobold (D:12)
  9 crocodiles
  24 bullfrogs
  3 wyvern zombies
  2 water moccasin zombies
  A hornet simulacrum (D:13)
  2 scorpions
  4 killer bees (D:10)
  15 wights
  3 electric eels
  4 howler monkeys
  6 crimson imps
  2 bullfrog zombies
  4 hounds
  3 jellies
  18 orc priests
  6 centaur skeletons
  A bullfrog skeleton (D:10)
  Jessica (D:2)
  9 worker ants
  4 iguanas
  18 orc wizards
  A killer bee zombie (D:6)
  3 hound zombies
  2 hound skeletons
  Robin (D:2)
  2 howler monkey skeletons
  4 gnolls (D:8)
  10 adders
  2 shadow imps
  3 oozes
  An ooze (shapeshifter) (D:14)
  An adder skeleton (D:7)
  A dart slug (D:1)
  4 leopard geckos
  65 orcs
  A bat (D:2)
  4 giant cockroaches
  12 hobgoblins
  6 jackals
  5 quokkas
  3 ball pythons
  4 frilled lizards
  11 goblins
  6 kobolds
  A leopard gecko skeleton (D:7)
  A leopard gecko zombie (D:4)
  5 rats
  A fungus (Lair:3)
  2 plants
738 creatures vanquished.

Vanquished Creatures (collateral kills)
  The ghost of PeterLawrence the Warrior, an adept MiFi of Okawaru (Snake:4)
  A naga warrior (Snake:4)
  2 hydras (Swamp:4)
  4 two-headed ogres (Orc:2)
  An alligator (Swamp:2)
  An anaconda (Snake:4)
  2 spriggans (Swamp:3)
  A deep troll (Orc:2)
  A swamp dragon (Swamp:4)
  A lindwurm (Swamp:4)
  A cyclops (Orc:2)
  A guardian serpent (Snake:4)
  2 hornets (Swamp:3)
  4 trolls (Orc:2)
  A naga (Snake:4)
  10 ogres (Orc:2)
34 creatures vanquished.

Vanquished Creatures (others)
  A fungus (Lair:3)
  A plant (Lair:4)
  7 toadstools (Lair:3)
9 creatures vanquished.

Grand Total: 781 creatures vanquished

Notes
Turn   | Place    | Note
-------+----------+-------------------------------------------
     0 | D:1      | jeanjacques the Ghoul Berserker began the quest for the Orb.
     0 | D:1      | Reached XP level 1. HP: 19/19 MP: 0/0
    38 | D:1      | Reached skill level 3 in Axes
    95 | D:1      | Reached XP level 2. HP: 22/26 MP: 1/1
   387 | D:1      | Reached XP level 3. HP: 30/33 MP: 2/2
   603 | D:1      | Reached skill level 4 in Fighting
   744 | D:2      | Reached ** piety under Trog
   870 | D:4      | Noticed an ogre
  1008 | D:2      | Noticed Robin
  1009 | D:2      | Noticed Jessica
  1151 | D:2      | Found a sparkling altar of Nemelex Xobeh.
  1158 | D:2      | Reached XP level 4. HP: 37/40 MP: 3/3
  1203 | D:2      | Reached skill level 5 in Fighting
  1398 | D:2      | Killed Robin
  1398 | D:2      | Reached skill level 2 in Armour
  1400 | D:2      | Killed Jessica
  1400 | D:2      | Reached XP level 5. HP: 38/48 MP: 4/4
  1615 | D:3      | Found an ancient bone altar of Kikubaaqudgha.
  1701 | D:5      | Entered Level 5 of the Dungeon
  1760 | D:4      | Noticed an ice beast
  1767 | D:4      | Killed an ice beast
  1767 | D:4      | Reached skill level 6 in Fighting
  1767 | D:4      | Reached XP level 6. HP: 52/58 MP: 5/5
  1819 | D:4      | Reached skill level 7 in Fighting
  1984 | D:4      | Noticed Duvessa
  1986 | D:4      | Noticed Dowan
  2078 | D:4      | Killed Duvessa
  2078 | D:4      | Reached skill level 8 in Fighting
  2078 | D:4      | Reached XP level 7. HP: 50/68 MP: 6/6
  2174 | D:6      | Found a staircase to the Ecumenical Temple.
  2181 | D:6      | Reached *** piety under Trog
  2193 | D:6      | Reached skill level 9 in Fighting
  2268 | D:7      | Noticed a hungry ghost
  2278 | D:6      | Killed a hungry ghost
  2382 | D:6      | Reached XP level 8. HP: 78/78 MP: 7/7
  2388 | D:6      | Reached skill level 3 in Armour
  2552 | D:7      | Reached skill level 10 in Fighting
  2552 | D:7      | Reached skill level 4 in Armour
  2784 | D:7      | Found an iron altar of Okawaru.
  2868 | D:7      | Found an opulent altar of Gozag.
  2897 | D:7      | Found Xyvuq's Antique Weapon Boutique.
  2944 | D:7      | Found Neoptip's Distillery.
  2994 | D:8      | Found Dutei's Weapon Emporium.
  3043 | D:8      | Found Geatil's Food Boutique.
  3076 | D:8      | Found Kiut's Antique Armour Boutique.
  3107 | D:8      | Noticed a two-headed ogre
  3184 | D:7      | Reached skill level 4 in Axes
  3195 | D:7      | Found Zajas's Magic Scroll Emporium.
  3253 | D:6      | Reached skill level 5 in Axes
  3253 | D:6      | Reached XP level 9. HP: 65/85 MP: 8/8
  3318 | D:5      | Found Vecot's Food Emporium.
  3467 | D:4      | Found Extal's Jewellery Shoppe.
  3555 | D:4      | Reached skill level 1 in Evocations
  3811 | D:5      | Reached **** piety under Trog
  4134 | D:6      | Noticed Edmund
  4153 | D:6      | Killed Edmund
  4153 | D:6      | Reached skill level 6 in Axes
  4208 | D:6      | Reached skill level 2 in Evocations
  4307 | D:6      | Noticed Eustachio
  4334 | D:6      | Reached skill level 1 in Stealth
  4347 | D:6      | Killed Eustachio
  4347 | D:6      | Reached skill level 2 in Stealth
  4687 | D:7      | Noticed Pikel
  4695 | D:7      | Killed Pikel
  4695 | D:7      | Reached skill level 7 in Axes
  4695 | D:7      | Reached skill level 4 in Stealth
  4753 | D:8      | Killed a two-headed ogre
  4753 | D:8      | Reached skill level 5 in Stealth
  4753 | D:8      | Reached XP level 10. HP: 59/93 MP: 10/10
  4755 | D:8      | Reached skill level 8 in Axes
  5006 | D:9      | Reached skill level 9 in Axes
  5147 | D:7      | Bought a twisted battleaxe for 345 gold pieces
  5147 | D:7      | Identified the cursed +3 battleaxe "Qassauh" {elec, Str+8} (You bought it in a shop on level 7 of the Dungeon)
  5380 | D:8      | Noticed a two-headed ogre
  5385 | D:8      | Killed a two-headed ogre
  5385 | D:8      | Reached skill level 10 in Axes
  5562 | D:10     | Entered Level 10 of the Dungeon
  5584 | D:10     | Got a pitted chain mail
  5705 | D:10     | Reached ***** piety under Trog
  5705 | D:10     | Reached XP level 11. HP: 76/100 MP: 11/11
  5729 | D:10     | Found a staircase to the Lair.
  5733 | D:10     | Reached skill level 11 in Axes
  5736 | D:10     | Noticed a two-headed ogre
  5759 | D:10     | Killed a two-headed ogre
  5870 | D:9      | Noticed Erolcha
  5882 | D:9      | You fall through a shaft for 3 floors!
  5985 | D:11     | Reached skill level 12 in Axes
  6025 | D:11     | Noticed Sonja
  6178 | D:10     | Noticed DogShitOnMyToe's ghost (novice HOSu)
  6192 | D:10     | Killed DogShitOnMyToe's ghost
  6594 | D:10     | Reached skill level 13 in Axes
  6613 | Lair:1   | Entered Level 1 of the Lair of Beasts
  6729 | Lair:2   | Noticed a five-headed hydra
  6777 | Lair:3   | Found a labyrinth entrance.
  6803 | Lab      | Entered a labyrinth
  6959 | Lab      | Reached skill level 6 in Stealth
  6959 | Lab      | Reached XP level 12. HP: 68/107 MP: 12/12
  7090 | Lab      | Noticed a minotaur
  7098 | Lab      | Killed a minotaur
  7098 | Lab      | Reached skill level 5 in Armour
  7100 | Lab      | Got a faintly glowing sapphire amulet
  7103 | Lab      | Got a slimy chain mail
  7113 | Lair:3   | Identified the amulet "Nomexzom" {Regen+ Stlth+} (You took it off a minotaur in a labyrinth)
  7272 | Lair:4   | Found a staircase to the Snake Pit.
  7415 | Lair:4   | Noticed a seven-headed hydra
  7447 | Lair:5   | Noticed a four-headed hydra
  7458 | Lair:5   | Killed a seven-headed hydra
  7458 | Lair:5   | Reached skill level 14 in Axes
  7519 | Lair:6   | Entered Level 6 of the Lair of Beasts
  7678 | Lair:5   | Reached skill level 6 in Armour
  7743 | Lair:4   | Reached skill level 11 in Fighting
  7873 | Lair:2   | Noticed Urug
  8121 | Lair:1   | Noticed Harold
  8125 | Lair:1   | Reached ****** piety under Trog
  8132 | Lair:1   | Killed Harold
  8276 | D:7      | Bought a scroll of blinking for 120 gold pieces
  8286 | D:7      | Identified the +6 chain mail of the Crown {Int+5} (You found it in a labyrinth)
  8296 | D:7      | Identified the cursed +0 chain mail "Janil" {-Cast rElec rF+} (You found it on level 10 of the Dungeon)
  8438 | D:9      | Killed Erolcha
  8438 | D:9      | Reached skill level 2 in Dodging
  8438 | D:9      | Reached XP level 13. HP: 45/116 MP: 13/13
  8493 | D:9      | Found a stormy altar of Qazlal.
  8498 | D:9      | Found a sacrificial altar of Ru.
  8918 | D:11     | Received a gift from Trog
  9036 | D:11     | Reached skill level 15 in Axes
  9041 | D:11     | Reached skill level 3 in Dodging
  9048 | D:11     | Reached skill level 12 in Fighting
  9087 | D:11     | Found an iron altar of Okawaru.
  9212 | D:11     | Found Mos Roim's Book Boutique.
  9352 | D:11     | Found a staircase to the Orcish Mines.
  9597 | Orc:1    | Entered Level 1 of the Orcish Mines
  9714 | Orc:2    | Entered Level 2 of the Orcish Mines
  9714 | Orc:2    | Found a staircase to the Elven Halls.
  9754 | Orc:1    | Received a gift from Trog
 10007 | Orc:1    | Reached skill level 4 in Dodging
 10281 | Orc:2    | Found Afupp's Book Shop.
 10283 | Orc:2    | Found Xewn's Distillery.
 10283 | Orc:2    | Noticed an ogre mage
 10299 | Orc:2    | Noticed an ogre mage
 10301 | Orc:2    | Reached skill level 5 in Dodging
 10306 | Orc:2    | Killed an ogre mage
 10306 | Orc:2    | Reached XP level 14. HP: 99/126 MP: 14/14
 10312 | Orc:2    | Reached skill level 16 in Axes
 10314 | Orc:2    | Reached skill level 13 in Fighting
 10321 | Orc:2    | Found Gagogewn's Jewellery Shop.
 10322 | Orc:2    | Found Lioch's Food Boutique.
 10368 | Orc:2    | Bought a potion of heal wounds for 75 gold pieces
 10931 | Orc:2    | Received a gift from Trog
 10971 | Orc:2    | Bought 2 potions of resistance for 300 gold pieces
 10971 | Orc:2    | Bought a potion of invisibility for 120 gold pieces
 11040 | D:12     | Noticed Snorg
 11050 | D:12     | Killed Snorg
 11237 | D:8      | Bought a pair of gloves for 103 gold pieces
 11769 | D:13     | Noticed Louise
 11793 | D:13     | Killed Louise
 11834 | D:13     | Got a spiked buckler
 11867 | D:12     | Identified the +1 buckler of Day {*Slow Int+7 SInv} (You found it on level 13 of the Dungeon)
 12131 | D:14     | Reached skill level 17 in Axes
 12248 | D:14     | Got a pitted rapier
 12326 | D:15     | Entered Level 15 of the Dungeon
 12551 | D:15     | Reached skill level 14 in Fighting
 12821 | D:14     | Reached XP level 15. HP: 123/138 MP: 5/15
 12832 | D:14     | Received a gift from Trog
 13220 | D:13     | Found a gate to the Vaults.
 13721 | Lair:3   | Found a runed door.
 13785 | Lair:3   | Reached skill level 18 in Axes
 14148 | Lair:4   | Found a staircase to the Swamp.
 14170 | Swamp:1  | Entered Level 1 of the Swamp
 14352 | Swamp:4  | Entered Level 4 of the Swamp
 14451 | Swamp:3  | HP: 8/139 [spriggan rider/spear (16)]
 14451 | Swamp:3  | HP: 2/139 [spriggan rider/spear (6)]
 14470 | Swamp:2  | Reached skill level 15 in Fighting
 14549 | Swamp:2  | Received a gift from Trog
 14784 | Swamp:4  | Noticed the 27-headed Lernaean hydra
 14864 | Swamp:4  | Reached XP level 16. HP: 123/149 MP: 16/16
 14908 | Swamp:4  | Reached skill level 19 in Axes
 15106 | Snake:1  | Entered Level 1 of the Snake Pit
 15235 | Snake:1  | Found Daukkacs's Gadget Shoppe.
 15355 | Lair:4   | Noticed Nergalle
 15360 | Lair:4   | Killed Nergalle
 15360 | Lair:4   | Received a gift from Trog
 15363 | Lair:4   | Got a pitted longbow {god gift}
 15364 | Lair:4   | Identified the +3 longbow of Coddejal {velocity, *Corrode rPois MR+ Int+3} (Trog gifted it to you on level 4 of the Lair of Beasts)
 15547 | D:7      | Bought a scroll of acquirement for 832 gold pieces
 15852 | Snake:2  | Reached skill level 16 in Fighting
 16047 | Snake:2  | Found Kimoeb's Weapon Emporium.
 16108 | Snake:2  | Noticed Aizul
 16123 | Snake:2  | Killed Aizul
 16214 | Snake:2  | Reached skill level 6 in Dodging
 16363 | Snake:3  | Reached skill level 7 in Armour
 16401 | Snake:4  | Entered Level 4 of the Snake Pit
 16469 | Snake:4  | Noticed a nagaraja
 16529 | Snake:4  | Killed a nagaraja
 16779 | Snake:4  | Reached XP level 17. HP: 159/159 MP: 5/17
 16799 | Snake:4  | Received a gift from Trog
 16998 | Snake:4  | Reached skill level 20 in Axes
 17064 | Snake:4  | Reached skill level 7 in Dodging
 17131 | Snake:4  | Noticed PeterLawrence's ghost (adept MiFi)
 17143 | Snake:4  | HP: 8/160 [PeterLawrence's ghost (17)]
 17145 | Snake:4  | Killed PeterLawrence's ghost
 17149 | Snake:4  | HP: 16/160 [anaconda (7)]
 17152 | Snake:4  | HP: 7/160 [naga warrior/long sword (8)]
 17158 | Snake:4  | HP: 14/160 [anaconda (3)]
 17161 | Snake:4  | Slain by an anaconda

Skill      XL: |  1  2  3  4  5  6  7  8  9 10 11 12 13 14 15 16 17 |
---------------+----------------------------------------------------+-----
Axes           | 3 5 7 10 13 14 15 17 18 19 20 | 20.1
Fighting       | 4 5 6 8 9 10 11 12 14 15 16 | 16.6
Armour         | 2 4 6 7 |  7.4
Evocations     | 2 |  2.0
Stealth        | 5 6 |  6.5
Dodging        | 2 5 6 7 |  7.2

Action                   |  1- 3 |  4- 6 |  7- 9 | 10-12 | 13-15 | 16-18 || total
-------------------------+-------+-------+-------+-------+-------+-------++-------
Melee: Hand axe          |    65 |    74 |    47 |       |       |       ||   186
       Dagger            |    92 |       |       |       |       |       ||    92
       Great mace        |       |    36 |   107 |       |       |       ||   143
       Broad axe         |       |       |   135 |    61 |       |       ||   196
       Battleaxe         |       |       |       |   369 |   662 |    39 ||  1070
       Executioner's axe |       |       |       |       |   139 |   280 ||   419
Throw: Throwing net      |       |       |       |       |       |     1 ||     1
Invok: Burn Spellbooks   |       |       |       |     3 |     2 |     2 ||     7
       Brothers in Arms  |       |       |       |     1 |     4 |     4 ||     9
       Trog's Hand       |       |       |       |       |     8 |     7 ||    15
Evoke: Wand              |       |       |     6 |     7 |     1 |     1 ||    15
       Phial of floods   |       |       |       |       |       |     2 ||     2
  Use: Potion            |       |     1 |       |     1 |     1 |    14 ||    17
       Scroll            |       |       |    15 |     7 |    13 |     6 ||    41
 Stab: Sleeping          |     1 |       |     6 |    24 |    15 |     5 ||    51
       Distracted        |       |       |     1 |     2 |     1 |     3 ||     7
       Paralysed         |       |       |       |     4 |       |       ||     4
       Held in net/web   |       |       |       |       |       |     1 ||     1
  Eat: Chunk             |    14 |     8 |    34 |   109 |   140 |    86 ||   391
Armor: Animal skin       |    33 |       |       |       |       |       ||    33
       Ring mail         |    16 |    17 |       |       |       |       ||    33
       Quicksilver drago |       |    33 |   208 |   255 |   330 |   131 ||   957
       Plate armour      |       |       |       |       |   176 |   134 ||   310
Dodge: Dodged            |    95 |    69 |   194 |   255 |   700 |   349 ||  1662
Block: Other             |       |       |    10 |    19 |       |       ||    29
       Reflection        |       |       |       |     1 |       |       ||     1

Table legend:
 A = Turns spent in this place as a percentage of turns spent in the entire game.
 B = Non-inter-level travel turns spent in this place as a percentage of non-inter-level travel turns spent in the entire game.
 C = Inter-level travel turns spent in this place as a percentage of turns spent in this place.
 D = Turns resting spent in this place as a percentage of non-inter-level travel turns spent in this place.
 E = Turns spent auto-exploring this place as a percentage of non-inter-level travel turns spent in this place.
 F = Non-inter-level travel turns spent in this place divided by the number of levels of this place that you've seen.
                   A       B       C       D       E      F
               +-------+-------+-------+-------+-------+----------------------
         Total | 100.0 | 100.0 |   0.7 |   0.1 |   4.6 | 279.1
       Dungeon |  55.8 |  55.9 |   0.7 |   0.2 |   5.8 | 332.6
          Lair |  13.5 |  13.5 |   1.2 |   0.0 |   2.7 | 200.3
         Swamp |   8.3 |   8.3 |   1.2 |   0.0 |   1.5 | 185.2
     Snake Pit |  12.7 |  12.7 |   0.1 |   0.0 |   4.3 | 284.5
  Orcish Mines |   6.6 |   6.6 |   0.7 |   0.0 |   5.2 | 296.5
     Labyrinth |   3.0 |   3.0 |   0.0 |   0.0 |   0.0 | 268.0
               +-------+-------+-------+-------+-------+----------------------

Table legend:
 A = Kills in this place as a percentage of kills in entire the game.
 B = Kills by you in this place as a percentage of kills by you in the entire game.
 C = Kills by friends in this place as a percentage of kills by friends in the entire game.
 D = Other kills in this place as a percentage of other kills in the entire game.
 E = Experience gained in this place as a percentage of experience gained in the entire game.
 F = Experience gained in this place divided by the number of levels of this place that you have seen.
                   A       B       C       D       E      F
               +-------+-------+-------+-------+-------+----------------------
         Total | 100.0 | 100.0 | 100.0 |  -nan | 100.0 | 6317.8
       Dungeon |  48.9 |  51.2 |   0.0 |  -nan |  31.2 | 4210.7
          Lair |   9.8 |  10.2 |   0.0 |  -nan |  10.2 | 3450.3
         Swamp |  12.0 |  11.3 |  26.5 |  -nan |  18.8 | 9496.2
     Snake Pit |  13.3 |  13.2 |  14.7 |  -nan |  28.5 | 14388.0
  Orcish Mines |  15.4 |  13.4 |  58.8 |  -nan |  10.3 | 10408.0
     Labyrinth |   0.7 |   0.7 |   0.0 |  -nan |   1.0 | 1953.0
               +-------+-------+-------+-------+-------+----------------------

Vault maps used:
D:1:      shiori_shiawase
D:2:      kennysheep_six_static_rooms, nemelex_xobeh_ov_fountains_minmay,
          uniq_jessica, uniq_robin
D:3:      lemuel_round_altar, lemuel_doored_altar, uniq_crazy_yiuf_cottage
D:4:      serial_shops, shop, uniq_duvessa
D:5:      first_bread, serial_shops, kennysheep_mini_moat,
          minmay_misc_feat_ornament, serial_bayou_ford_a
D:6:      minmay_temple_entry_statues_fountains, uniq_eustachio, uniq_edmund
D:7:      kennysheep_mini, nicolae_gozag_seed_capital, serial_shops,
          shop_scrolls, shop, nicolae_shop_temple_entry_statues_fountains,
          uniq_pikel
D:8:      serial_shops, nicolae_shop_behind_doors, shop_fountains, shop_statue
D:9:      minitemple, uniq_erolcha
D:10:     lair_entry_dummy
D:11:     erik_orc_1, serial_shops, nicolae_shop_trees, serial_glass,
          glass_columns_b, glass_columns_a, grunt_livestock,
          minmay_ruined_shrine, uniq_sonja
D:12:     uniq_snorg
D:13:     david_vaults_5, serial_bayou_pond_c, sword_in_stone
D:14:     minmay_staircase_statues
D:15:     hangedman_depths_entry_civil_slaughter, hangedman_decor_push
Lair:1:   uniq_harold
Lair:2:   lemuel_fruit_tree, infiniplex_staircase_pool_2, uniq_erica, uniq_urug
Lair:3:   gammafunk_lair_enchanted_lake, lab_entry_generic, grunt_megastairs_3
Lair:4:   minmay_swamp_entry_swarm, dummy_snake_entry, serial_bayou_shore_b,
          uniq_nergalle
Lair:6:   grunt_lair_end_beastmaster, slime_altar_1,
          nicolae_volcano_entry_s_turn
Swamp:1:  nicolae_swamp_rocky_clearing, swamp_pool3, cheibrodos_swamp_slimy,
          uniq_donald
Swamp:2:  evilmike_swamp_ruin_house_3, infiniplex_staircase_pool, uniq_roxanne
Swamp:3:  evilmike_swamp_ruin_house_1
Swamp:4:  swamp_alternative, swamp_pool5, uniq_louise
Snake:1:  serial_shops, nicolae_shop_waterfront
Snake:2:  minmay_snake_river, serial_shops,
          nicolae_shop_competitors_out_of_business, grunt_megastairs_4,
          uniq_aizul
Snake:3:  grunt_ministairs_1
Snake:4:  grunt_snake_rune_serpentine_throne
Orc:2:    st_orc_open, nicolae_orc_stony_grotto
Lab:      labyrinth_watery, lab_fountain, nicolae_lab_garden,
          nicolae_lab_do_over

Action                   |  1- 3 |  4- 6 |  7- 9 | 10-12 | 13-15 | 16-18 || total
-------------------------+-------+-------+-------+-------+-------+-------++-------
Melee: Hand axe          |    65 |    74 |    47 |       |       |       ||   186
       Dagger            |    92 |       |       |       |       |       ||    92
       Great mace        |       |    36 |   107 |       |       |       ||   143
       Broad axe         |       |       |   135 |    61 |       |       ||   196
       Battleaxe         |       |       |       |   369 |   662 |    39 ||  1070
       Executioner's axe |       |       |       |       |   139 |   280 ||   419
Throw: Throwing net      |       |       |       |       |       |     1 ||     1
Invok: Burn Spellbooks   |       |       |       |     3 |     2 |     2 ||     7
       Brothers in Arms  |       |       |       |     1 |     4 |     4 ||     9
       Trog's Hand       |       |       |       |       |     8 |     7 ||    15
Evoke: Wand              |       |       |     6 |     7 |     1 |     1 ||    15
       Phial of floods   |       |       |       |       |       |     2 ||     2
  Use: Potion            |       |     1 |       |     1 |     1 |    14 ||    17
       Scroll            |       |       |    15 |     7 |    13 |     6 ||    41
 Stab: Sleeping          |     1 |       |     6 |    24 |    15 |     5 ||    51
       Distracted        |       |       |     1 |     2 |     1 |     3 ||     7
       Paralysed         |       |       |       |     4 |       |       ||     4
       Held in net/web   |       |       |       |       |       |     1 ||     1
  Eat: Chunk             |    14 |     8 |    34 |   109 |   140 |    86 ||   391
Armor: Animal skin       |    33 |       |       |       |       |       ||    33
       Ring mail         |    16 |    17 |       |       |       |       ||    33
       Quicksilver drago |       |    33 |   208 |   255 |   330 |   131 ||   957
       Plate armour      |       |       |       |       |   176 |   134 ||   310
Dodge: Dodged            |    95 |    69 |   194 |   255 |   700 |   349 ||  1662
Block: Other             |       |       |    10 |    19 |       |       ||    29
       Reflection        |       |       |       |     1 |       |       ||     1
